 Dungeon Crawl Stone Soup version 0.30-b1-2-g02819fbbbe (webtiles) character file.

Game seed: 7552500383301846413

20 Armakuni the Charlatan (level 2, 0/17 HPs)
             Began as a Deep Elf Artificer on May 12, 2023.
             Frozen to death by an endoplasm (5 damage)
             ... on level 2 of the Dungeon.
             The game lasted 00:03:19 (1309 turns).

Armakuni the Charlatan (Deep Elf Artificer)         Turns: 1309, Time: 00:03:19

Health: 0/17       AC:  4    Str:  9    XL:     2   Next: 58%
Magic:  4/4        EV: 12    Int: 15    God:
Gold:   82         SH:  0    Dex: 15    Spells: 1/1 levels left

rFire   . . .        a - staff of air
rCold   . . .        (no shield)
rNeg    . . .        b - +1 leather armour
rPois   .            (no helmet)
rElec   +            (no cloak)
rCorr   .            (no gloves)
SInv    .            (no boots)
Will    .....        (no amulet)
Stlth   ++           (no ring)
HPRegen 0.22/turn    (no ring)
MPRegen 0.09/turn

%: no passive effects
@: no status effects
A: no striking features
a: no special abilities


You were on level 2 of the Dungeon.
You visited 1 branch of the dungeon, and saw 2 of its levels.

You collected 99 gold pieces.
You spent 17 gold pieces at shops.

Inventory:

Armour
 b - a +1 leather armour (worn)
 f - a +0 ring mail
Magical Staves
 a - a staff of air (weapon)
Jewellery
 k - a ring of see invisible
 n - an amulet of magic regeneration
Wands
 c - a wand of flame (7) (quivered)
 d - a wand of charming (15)
 e - a wand of iceblast (5)
Scrolls
 j - 2 scrolls of identify {unknown}
Potions
 g - a potion of magic
 h - a potion of heal wounds
 i - a potion of cancellation


   Skills:
 + Level 1.8 Fighting
 - Level 0.7 Armour
 - Level 2.4 Dodging
 - Level 1.2 Stealth
 + Level 3.6 Evocations


You had one spell level left.
You didn't know any spells.
Your spell library contained the following spells:

 Spells                   Type           Power      Damage    Failure   Level
 Scorch                   Fire           0%         2d5       50%         2
 Flame Wave               Conj/Fire      0%         2d4       98%         4
 Summon Cactus Giant      Summ           0%         N/A       100%        6


Dungeon Overview and Level Annotations

Branches:
Dungeon (2/15)

Altars:

Shops:
D:2 *


Message History

The kobold shouts!
The kobold moves out of view.
Found 12 gold pieces.
You completely miss the kobold. The kobold barely misses you.
You barely miss the kobold. The kobold completely misses you.
An endoplasm comes into view.
The kobold hits you with a +0 whip.
You barely miss the kobold. The kobold misses you.
You hit the kobold.
The kobold is severely wounded.
The kobold hits you with a +0 whip. The kobold attacks as you move away!
The kobold hits you with a +0 whip. The kobold attacks as you move away!
The kobold barely misses you. The kobold attacks as you move away!
The kobold misses you.
You closely miss the kobold.
The kobold is severely wounded.
The kobold hits you with a +0 whip.
You hit the kobold.
You kill the kobold!
The endoplasm freezes you.
You are frozen.
You see here a +0 whip.
You barely miss the endoplasm.
The endoplasm hits you but does no damage.
The endoplasm closely misses you.
You barely miss the endoplasm.
The endoplasm jiggles.
The endoplasm barely misses you.
You hit the endoplasm.
The endoplasm is lightly wounded.
The endoplasm freezes you.
You are frozen.
* * * LOW HITPOINT WARNING * * *
You hit the endoplasm but do no damage.
The endoplasm is lightly wounded.
The endoplasm misses you.
You hit the endoplasm but do no damage. The endoplasm freezes you.
You are frozen.
You die...

.......### #.........
#......... #.^.....$.
#......... #.##......
#.# ..... #J# ....
#.#@# ###
#.#.#########
#.#.........#
#.#.........#
#.#.........#
##########.#.........#
...........#.#########
########.....#######
.......'............


You could see an endoplasm.

Vanquished Creatures
  A dart slug (D:1)
  2 bats (D:1)
  An endoplasm (D:1)
  A giant cockroach (D:2)
  3 hobgoblins
  5 kobolds
  A quokka (D:1)
  A ball python (D:2)
  2 frilled lizards (D:1)
17 creatures vanquished.

Notes
Turn   | Place    | Note
-------+----------+-------------------------------------------
     0 | D:1      | Armakuni the Deep Elf Artificer began the quest for the
                  | Orb.
     0 | D:1      | Reached XP level 1. HP: 11/11 MP: 3/3
    20 | D:1      | Reached skill level 1 in Fighting
   189 | D:1      | Reached XP level 2. HP: 11/16 MP: 4/4
   260 | D:1      | Found a faded altar of an unknown god.
  1045 | D:2      | Found Utoets's Assorted Antiques.
  1075 | D:2      | Bought a grey potion for 17 gold pieces
  1309 | D:2      | Frozen to death by an endoplasm

Illustrated notes

Levels and vault maps discovered:
D:1:      noname_arrival_rooms_in_the_neighbourhood, layout_loops_cross,
          chequers_ecumenical_altar_simple_redux, minmay_domino_4
D:2:      layout_basic, serial_shops, shop_statue, grunt_decor_junction,
          kennysheep_minor_cross

Skill      XL: |  1 |
---------------+----+-----
Fighting       | 1 |  1.8
Armour         | |  0.7
Dodging        | |  2.4
Stealth        | |  1.2
Evocations     | |  3.6

Action                     || total
---------------------------++-------
  Melee: Staff             ||    61
  Evoke: Wand              ||     8
    Use: Scroll            ||     9
         Potion            ||     5
   Stab: Sleeping          ||     3
 Armour: Leather armour    ||    20
  Dodge: Dodged            ||    38
